 Dungeon Crawl Stone Soup version 0.24-a0-173-gc15b636e9c (webtiles) character file.

Game seed: 18069519241122704887

14031 Roikka the Basher (level 12, 0/97 HPs)
             Began as a Human Berserker on Mar 12, 2019.
             Was a High Priest of Trog.
             Slain by a bullfrog (5 damage)
             ... on level 1 of the Lair of Beasts.
             The game lasted 00:53:34 (15287 turns).

Roikka the Basher (Human Berserker)                Turns: 15287, Time: 00:53:35

Health: 0/97       AC: 14    Str: 21 (23) XL:     12   Next: 40%
Magic:  12/12      EV:  9    Int:  4 (7)  God:    Trog [*****.]
Gold:   583        SH: 12    Dex: 16 (19) Spells: 11/11 levels left

rFire    + . .     SeeInvis .   F - +4 morningstar
rCold    . . .     Gourm    .   b - +1 shield
rNeg     . . .     Faith    .   u - +0 chain mail
rPois    .         Spirit   .   C - +0 hat
rElec    .         Reflect  .   G - scarf {cloud immunity}
rCorr    .         Harm     .   s - +0 pair of gloves
MR       .....                  t - +0 pair of boots
Stlth    ..........             (no amulet)
HPRegen  0.26/turn              f - +6 ring of dexterity
MPRegen  0.13/turn              n - ring of protection from fire

@: lethally poisoned (0 -> -42)
A: no striking features
a: Berserk, Trog's Hand, Brothers in Arms, Renounce Religion


You were on level 1 of the Lair of Beasts.
You worshipped Trog.
Trog was extremely pleased with you.
You were not hungry.

You visited 2 branches of the dungeon, and saw 12 of its levels.
You also visited: Ossuary.

You collected 583 gold pieces.

Inventory:

Hand Weapons
 A - a +1 whip of freezing
 D - a +0 executioner's axe
 F - a +4 morningstar (weapon)
 O - a +7 shortbow of freezing
 U - a +5 war axe of chopping
Missiles
 J - a throwing net (quivered)
Armour
 b - a +1 shield (worn)
 s - a +0 pair of gloves (worn)
 t - a +0 pair of boots (worn)
 u - a +0 chain mail (worn)
 C - a +0 hat (worn)
 G - a scarf of cloud immunity (worn)
Jewellery
 e - an uncursed ring of magical power
 f - a +6 ring of dexterity (left hand)
 m - an uncursed ring of protection from cold
 n - a ring of protection from fire (right hand)
 I - a +5 ring of intelligence
 T - a +4 ring of evasion {unknown}
Wands
 d - a wand of disintegration (14)
 l - a wand of enslavement (28)
 x - a wand of random effects (22)
 L - a wand of digging (4)
 N - a wand of acid (9)
 Q - a wand of flame (16)
Scrolls
 h - 8 scrolls of identify
 i - 2 scrolls of fear
 p - a scroll of silence {unknown}
 r - 2 scrolls of magic mapping
 y - 3 scrolls of fog
 z - 4 scrolls of remove curse
 H - 4 scrolls of teleportation
 K - 2 scrolls of summoning {unknown}
 S - a scroll of immolation {unknown}
Potions
 a - 2 potions of invisibility
 g - 7 potions of flight
 j - 2 potions of lignification {unknown}
 k - 5 potions of curing {unknown}
 o - a potion of magic
 q - 5 potions of degeneration
 v - 2 potions of brilliance {unknown}
 w - 2 potions of agility {unknown}
 E - a potion of haste {unknown}
 P - 2 potions of mutation {unknown}
 R - a potion of heal wounds {unknown}
Miscellaneous
 M - a phial of floods
Comestibles
 c - 21 rations


   Skills:
 + Level 9.6 Fighting
 - Level 0.9(7.4) Axes
 * Level 11.5 Maces & Flails
 + Level 9.3 Armour
 - Level 5.0 Dodging
 + Level 7.7 Shields


You had 11 spell levels left.
You didn't know any spells.
Your spell library was empty.

Dungeon Overview and Level Annotations

Branches:
Dungeon (11/15)            Temple (0/1) D:5            Lair (1/6) D:9
    Orc: D:9-12

Altars:
Ashenzari
Nemelex Xobeh
Okawaru
Qazlal
Sif Muna
Trog
Vehumet
Yredelemnul
Zin
The Shining One

Shops:
D:8 [


Message History

You feel very sick. You block the bullfrog's attack. The spiny frog stings you!
* * * LOW HITPOINT WARNING * * *
You are more poisoned.
The spiny frog poisons you! You block the bullfrog's attack.
You puncture the spiny frog!
The spiny frog is severely wounded.
* * * LOW HITPOINT WARNING * * *
You feel very sick. The spiny frog closely misses you.
The bullfrog hits you but does no damage.
The spiny frog stings you!
* * * LOW HITPOINT WARNING * * *
It was a potion of degeneration.
There was something very wrong with that liquid.
You feel weakened.
You feel dopey.
You feel clumsy.
* * * LOW HITPOINT WARNING * * *
You feel very sick. You block the bullfrog's attack. The bullfrog hits you.
You die...

# # # #### #...#?.
.......## ######## #..
.....#####.#....##### .#
#....##............. ##
#.........F@†..##. . .#
##..........#F.†.#.h.. .##
#P......>...#..†......
..#######.#.....###.####..
#..##.....#...#..# ##
....#..........#.#
#...#......#......#
##........###.P.....
#..................[


You could see a spiny frog and a bullfrog.

Vanquished Creatures
  A centaur warrior (D:11)
  A hell knight (D:10)
  A skeletal warrior (D:11)
  A manticore (D:11)
  An ugly thing (D:7)
  Psyche (D:8)
  A spiny frog (Lair:1)
  Grinder (D:5)
  A hippogriff (D:9)
  Sigmund (D:5)
  A human (D:6)
  4 yaks (Lair:1)
  3 hungry ghosts
  3 wargs (D:9)
  A water moccasin (Lair:1)
  Duvessa (D:5)
  5 hell hounds (D:10)
  4 ice beasts
  3 orc warriors
  3 sky beasts
  An eye of draining (D:9)
  4 ogres
  2 black bears
  A necrophage (D:9)
  4 phantoms
  A centaur (D:7)
  2 wolves (Lair:1)
  3 big kobolds
  3 crocodiles
  3 bullfrogs
  4 water moccasin zombies (Ossuary)
  Dowan (D:4)
  A wyvern skeleton (D:10)
  6 scorpions
  11 killer bees
  11 wights
  2 electric eels (D:6)
  4 howler monkeys
  A vampire bat (D:10)
  5 crimson imps
  A quasit (D:9)
  6 hounds
  A bullfrog zombie (D:6)
  2 jellies (D:9)
  14 orc priests
  4 centaur skeletons
  2 iguanas
  A worker ant (D:7)
  12 orc wizards
  4 big kobold zombies (Ossuary)
  2 mummies (Ossuary)
  2 worker ant zombies
  A howler monkey skeleton (D:5)
  11 adders
  2 shadow imps
  2 oozes
  An adder skeleton (D:6)
  5 adder zombies
  3 worms (D:2)
  2 dart slugs (D:3)
  5 leopard geckos
  46 orcs
  A bat zombie (D:2)
  4 giant cockroaches
  5 gnoll zombies (Ossuary)
  10 goblins
  7 hobgoblins
  15 jackals
  18 kobolds
  2 quokkas
  2 ball pythons
  18 bats
  5 frilled lizards
  A giant cockroach zombie (D:6)
  A goblin skeleton (D:6)
  A goblin zombie (D:8)
  5 hobgoblin zombies
  A jackal skeleton (D:4)
  A kobold skeleton (D:8)
  10 kobold zombies
  A leopard gecko skeleton (D:7)
  An orc skeleton (D:8)
  8 orc zombies
  A quokka skeleton (D:8)
  7 rats
362 creatures vanquished.

Vanquished Creatures (collateral kills)
  Gastronok (D:8)
  A two-headed ogre (D:10)
  A black bear (D:10)
  An orc (D:8)
4 creatures vanquished.

Vanquished Creatures (others)
  3 fungi (Lair:1)
  2 plants
5 creatures vanquished.

Grand Total: 371 creatures vanquished

Notes
Turn   | Place    | Note
-------+----------+-------------------------------------------
     0 | D:1      | Roikka the Human Berserker began the quest for the Orb.
     0 | D:1      | Reached XP level 1. HP: 18/18 MP: 1/1
   260 | D:1      | Reached XP level 2. HP: 6/24 MP: 2/2
   265 | D:1      | HP: 1/24 [ooze (2)]
   841 | D:1      | Reached XP level 3. HP: 9/29 MP: 3/3
  1538 | D:1      | Reached skill level 1 in Shields
  1538 | D:1      | Reached XP level 4. HP: 15/35 MP: 4/4
  2160 | D:2      | Reached ** piety under Trog
  2160 | D:2      | Reached XP level 5. HP: 10/41 MP: 5/5
  2175 | D:2      | HP: 2/41 [poisoned by an adder]
  2181 | D:2      | HP: 1/41 [poisoned by an adder]
  2519 | D:2      | Reached skill level 4 in Maces & Flails
  3192 | D:3      | Found a glowing silver altar of Zin.
  3648 | D:3      | Reached XP level 6. HP: 37/47 MP: 6/6
  4230 | D:4      | Found an iron altar of Okawaru.
  4230 | D:4      | Noticed a phantom
  4232 | D:4      | Noticed an ice beast
  4255 | D:3      | Killed an ice beast
  4255 | D:3      | Reached XP level 7. HP: 54/54 MP: 7/7
  4289 | D:4      | Reached skill level 5 in Maces & Flails
  4460 | D:4      | Found a stormy altar of Qazlal.
  5514 | D:5      | Entered Level 5 of the Dungeon
  5530 | D:5      | Found a bloodstained altar of Trog.
  5530 | D:5      | Noticed Dowan
  5531 | D:5      | Noticed Duvessa
  5535 | D:5      | Noticed Sigmund
  5646 | D:5      | Killed Duvessa
  5646 | D:5      | Reached XP level 8. HP: 61/61 MP: 8/8
  5665 | D:4      | Killed Dowan
  5906 | D:5      | Killed Sigmund
  5906 | D:5      | Reached skill level 6 in Maces & Flails
  6050 | D:5      | Reached *** piety under Trog
  6136 | D:5      | Found a staircase to the Ecumenical Temple.
  6341 | D:5      | Noticed Grinder
  6368 | D:5      | Paralysed by Grinder for 2 turns
  6375 | D:5      | Killed Grinder
  6375 | D:5      | Reached skill level 5 in Shields
  6375 | D:5      | Reached XP level 9. HP: 44/67 MP: 9/9
  6490 | D:5      | Reached skill level 5 in Fighting
  6898 | D:5      | Found a sparkling altar of Nemelex Xobeh.
  7076 | D:5      | Found a radiant altar of Vehumet.
  7303 | D:6      | Reached skill level 7 in Maces & Flails
  7791 | D:6      | Found a runed translucent door.
  7822 | D:6      | Found a basalt altar of Yredelemnul.
  7870 | D:6      | Reached skill level 5 in Armour
  7870 | D:6      | Reached skill level 5 in Dodging
  8321 | D:6      | Found a deep blue altar of Sif Muna.
  8561 | D:7      | Noticed a cyan ugly thing
  8573 | D:7      | Killed a cyan ugly thing
  8573 | D:7      | Reached XP level 10. HP: 41/77 MP: 10/10
  8598 | D:7      | Reached skill level 8 in Maces & Flails
  8958 | D:7      | Reached **** piety under Trog
  9833 | D:8      | Found a glowing golden altar of the Shining One.
  9839 | D:8      | Noticed Gastronok
  9875 | D:8      | Found Aploedd's Antique Armour Emporium.
  9985 | D:8      | Found a sand-covered staircase.
  9994 | Ossuary  | Entered an ossuary
 10072 | Ossuary  | Reached ***** piety under Trog
 10311 | D:8      | Noticed Psyche
 10325 | D:8      | Killed Psyche
 10325 | D:8      | Reached skill level 9 in Maces & Flails
 10573 | D:8      | Killed Gastronok
 10573 | D:8      | Reached XP level 11. HP: 20/87 MP: 11/11
 11655 | D:9      | Found a shattered altar of Ashenzari.
 11769 | D:9      | Received a gift from Trog
 11769 | D:9      | Reached skill level 10 in Maces & Flails
 11911 | D:9      | Found a staircase to the Lair.
 12368 | D:10     | Entered Level 10 of the Dungeon
 12942 | D:10     | Noticed a two-headed ogre
 12947 | D:10     | Killed a two-headed ogre
 13143 | D:10     | Noticed a hell knight
 13159 | D:10     | Killed a hell knight
 13214 | D:10     | Noticed a necromancer
 13218 | D:10     | Noticed a hell knight
 13225 | D:10     | Noticed a hell knight
 13230 | D:10     | Noticed a hell knight
 13232 | D:10     | Noticed a hell knight
 13709 | D:10     | Reached XP level 12. HP: 94/95 MP: 12/12
 13974 | D:11     | Noticed a skeletal warrior
 13992 | D:11     | Killed a skeletal warrior
 14257 | D:11     | Reached skill level 11 in Maces & Flails
 14368 | D:11     | Noticed an ogre mage
 14368 | D:11     | Noticed a centaur warrior
 14384 | D:11     | Noticed a skeletal warrior
 14391 | D:11     | Killed a centaur warrior
 14393 | D:11     | HP: 3/96 [cyclops/large rock (19)]
 14842 | Lair:1   | Entered Level 1 of the Lair of Beasts
 15287 | Lair:1   | Slain by a bullfrog

Levels and vault maps discovered:
D:1:      saegor_arrival_simple_b, layout_loops_ring
D:2:      minmay_diamond_boxcup, layout_basic
D:3:      layout_basic, zin_treasury, minmay_checkerbox
D:4:      layout_loops_ring, kennysheep_mini_moat, okawaru_metal_pillars_1_2
D:5:      layout_loops_ring, marbit_many_paths, bloody_trog,
          nemelex_xobeh_ov_fountains_minmay, minmay_temple_entry_slanted,
          first_ration, hex_large, uniq_grinder, uniq_sigmund, uniq_duvessa
D:6:      layout_loops_corners, overflow_temple_1_default, serial_bayou,
          serial_bayou_shore_b, serial_bayou_pond_d, serial_bayou_pond_c,
          serial_bayou_pond_d, minivault_1, dk_yredelemnul_ordeal
D:7:      layout_basic, grunt_ogre_cave
D:8:      layout_basic, nicolae_tso_besieged_by_evil, serial_shops,
          nicolae_shop_overgrown_old_shop, nicolae_ossuary_entry_ruins,
          uniq_gastronok, uniq_psyche
D:9:      layout_roguey, ashenzari_conservatory_becter,
          erik_lair_orcish_takeover
D:10:     layout_long_grid, st_stairs_9, serial_bayou_pond_d, roderic_batcave,
          wad_floor_pattern_untrapped, minmay_rotating_lava
D:11:     layout_roguey [special_room_orc], jmf_multi_god_temple2
Lair:1:   layout_misc_corridors
Ossuary:  ossuary_tomb_2

Skill      XL: |  1  2  3  4  5  6  7  8  9 10 11 12 |
---------------+-------------------------------------+-----
Shields        | 1 2 3 4 5 6 7 |  7.7
Maces & Flails | 4 5 6 7 9 10 11 | 11.5
Armour         | 3 4 6 7 8 9 |  9.3
Dodging        | 3 4 5 |  5.0
Fighting       | 4 6 8 9 |  9.6
Axes           | |  0.9

Action                   |  1- 3 |  4- 6 |  7- 9 | 10-12 || total
-------------------------+-------+-------+-------+-------++-------
Melee: Mace              |    83 |   185 |       |       ||   268
       Flail             |       |    50 |   247 |       ||   297
       Morningstar       |       |       |   106 |   752 ||   858
       Executioner's axe |       |       |    39 |       ||    39
       Whip              |       |       |    30 |       ||    30
Invok: Berserk           |     2 |     2 |     5 |     1 ||    10
       Trog's Hand       |       |     1 |       |     1 ||     2
       Brothers in Arms  |       |       |       |     2 ||     2
  Use: Scroll            |       |     8 |     1 |    11 ||    20
       Potion            |       |     3 |       |     1 ||     4
 Stab: Sleeping          |     1 |       |       |       ||     1
  Eat: Chunk             |     4 |    10 |    11 |    23 ||    48
       Ration            |       |       |     2 |     3 ||     5
Armor: Animal skin       |     5 |       |       |       ||     5
       Leather armour    |     2 |       |       |       ||     2
       Ring mail         |     6 |    75 |       |       ||    81
       Scale mail        |       |    10 |    23 |       ||    33
       Chain mail        |       |       |   157 |   284 ||   441
Dodge: Dodged            |    35 |    93 |   133 |   236 ||   497
Block: Shield            |    20 |   126 |   203 |   423 ||   772

Table legend:
 A = Non-vault XP
 B = Vault XP
 C = Vault XP percentage of total XP
 D = Non-vault monster count
 E = Vault monster count
 F = Vault count percentage of total count
                 A         B        C        D         E       F
            +---------+---------+-------+---------+---------+-------
      Total |   13141 |    6904 |  34.4 |     272 |      94 |  25.7
            +---------+---------+-------+---------+---------+-------
        D:1 |     109 |       0 |   0.0 |      21 |       0 |   0.0
        D:2 |      81 |      28 |  25.7 |      24 |      10 |  29.4
        D:3 |     294 |       9 |   3.0 |      18 |       4 |  18.2
        D:4 |     515 |      82 |  13.7 |      22 |       1 |   4.3
        D:5 |     501 |     785 |  61.0 |      23 |       4 |  14.8
        D:6 |    1032 |     203 |  16.4 |      30 |       2 |   6.2
        D:7 |    2272 |     125 |   5.2 |      37 |       1 |   2.6
        D:8 |     446 |    1921 |  81.2 |      14 |      11 |  44.0
        D:9 |    2391 |     627 |  20.8 |      37 |       8 |  17.8
       D:10 |    1881 |    1677 |  47.1 |      24 |      15 |  38.5
       D:11 |    1872 |     941 |  33.5 |      13 |       1 |   7.1
     Lair:1 |    1747 |       0 |   0.0 |       9 |       0 |   0.0
    Ossuary |       0 |     506 | 100.0 |       0 |      37 | 100.0
            +---------+---------+-------+---------+---------+-------
